 Dungeon Crawl Stone Soup version 0.29.0-4-gdea44cf6ec (webtiles) character file.

Game seed: 1071386576612062396

83 LynnLen the Sneak (level 4, -1/32 HPs)
             Began as an Octopode Monk on Aug 27, 2022.
             Slain by an orc wizard
             ... wielding a +0 dagger
              (4 damage)
             ... on level 3 of the Dungeon.
             The game lasted 00:06:48 (2797 turns).

LynnLen the Sneak (Octopode Monk)                   Turns: 2797, Time: 00:06:49

Health: -1/32      AC:  1    Str: 12    XL:     4   Next: 44%
Magic:  5/5        EV: 14    Int: 12    God:
Gold:   168        SH:  0    Dex: 14    Spells: 5/5 levels left

rFire   . . .      SeeInvis .     - Unarmed
rCold   . . .      Faith    .   (no shield)
rNeg    . . .      Spirit   .   (helmet restricted)
rPois   .          Reflect  .   (no amulet)
rElec   .          Harm     .   (no ring)
rCorr   .          Rampage  .   (no ring)
Will    .....                   (no ring)
Stlth   ++........              (no ring)
HPRegen 0.10/turn               (no ring)
MPRegen 0.09/turn               (no ring)
                                (no ring)
                                (no ring)

@: confused
A: almost no armour, amphibious, 8 rings, camouflage 1, gelatinous body 1,
(nimble swimmer 1), tentacles
a: no special abilities


You were on level 3 of the Dungeon.
You visited 1 branch of the dungeon, and saw 3 of its levels.

You collected 168 gold pieces.

Inventory:

Scrolls
 c - a scroll of vulnerability {unknown}
 e - a scroll of torment {unknown}
 i - 3 scrolls of enchant armour {unknown}
 l - a scroll of identify
Potions
 a - a potion of attraction
 b - a potion of haste
 g - a potion of cancellation {unknown}
 h - a potion of mutation {unknown}
 j - a potion of invisibility {unknown}
 k - 3 potions of lignification {unknown}


   Skills:
 + Level 3.6 Fighting
 + Level 3.3 Dodging
 + Level 3.8 Stealth
 + Level 3.6 Unarmed Combat
 - Level 1.0 Spellcasting


You had 5 spell levels left.
You didn't know any spells.
Your spell library contained the following spells:

 Spells                   Type           Power      Damage    Failure   Level
 Slow                     Hex            0%         N/A       30%         1
 Blink                    Tloc           0%         N/A       41%         2
 Confusing Touch          Hex            0%         N/A       65%         3
 Vampiric Draining        Necr           0%         2d6       65%         3
 Manifold Assault         Tloc           0%         N/A       100%        5
 Storm Form               Tmut/Air       0%         N/A       100%        7


Dungeon Overview and Level Annotations

Branches:
Dungeon (3/15)

Altars:
Fedhas


Innate Abilities, Weirdness & Mutations

You cannot wear most types of armour.
You are amphibious.
You can wear up to eight rings at the same time.
Your skin changes colour to match your surroundings (Stealth+).
Your rubbery body absorbs attacks. (AC +1, EV +1)
((You are camouflaged when in or above water. (Stealth+)))
You have tentacles for arms and can constrict up to eight enemies at once.


Message History

Your tentacle-slap misses something.
You hear some strange, mumbled words.
You are confused.
You bump into the rock wall.
Something hits you.
You completely miss something. Your squeeze misses something.
Something hits you.
You tentacle-slap something. Something hits you.
You barely miss something. Your squeeze misses something. Something hits you.
* * * LOW HITPOINT WARNING * * *
You bump into the rock wall.
Something hits you.
* * * LOW HITPOINT WARNING * * *
You feel much better. Something hits you.
You feel better. Something hits you.
You tentacle-slap something but do no damage.
Something closely misses you.
You closely miss something.
You hear some strange, mumbled words.
A magic dart appears from out of thin air!
The magic dart hits you.
You closely miss something. Something hits you.
You closely miss something. You squeeze something. Something hits you.
You closely miss something. You squeeze something. Something hits you.
You miss something. Something hits you.
* * * LOW HITPOINT WARNING * * *
You barely miss something. Your squeeze misses something. Something hits you.
* * * LOW HITPOINT WARNING * * *
You tentacle-slap something. Your squeeze misses something. Something hits you.
* * * LOW HITPOINT WARNING * * *
You closely miss something.
You hear some strange, mumbled words.
A puff of flame appears from out of thin air!
The puff of flame misses you.
You miss something. Something hits you.
* * * LOW HITPOINT WARNING * * *
You barely miss something. You tentacle-slap something.
Your squeeze misses something.
You hear some strange, mumbled words.
You are confused.
You bump into the rock wall.
Something hits you.
You die...

#.##.##........#
#......##..#.#.#
####..###......# #.##
##.#.#.## ##### #.#
#......####...## #.##
###........###.. ##.##
##.........# #.#
##.###..........###..
##.@{o............##
####.#.............
#.#...........##
#######..............#
#........(..........<#
#.##########.#.......#
#.# #......).....##
#.# #.###.###...###
#.# #.###.###.#####


You could see an orc.

Vanquished Creatures
  An adder (D:3)
  A worm (D:2)
  2 dart slugs (D:1)
  4 orcs (D:3)
  2 endoplasms (D:1)
  5 giant cockroaches
  6 goblins
  4 hobgoblins
  7 jackals
  A quokka (D:3)
  9 ball pythons
  6 bats
  4 kobolds
  5 rats
57 creatures vanquished.

Notes
Turn   | Place    | Note
-------+----------+-------------------------------------------
     0 | D:1      | LynnLen the Octopode Monk began the quest for the Orb.
     0 | D:1      | Reached XP level 1. HP: 16/16 MP: 1/1
   194 | D:1      | Reached XP level 2. HP: 20/21 MP: 2/2
   489 | D:1      | Reached XP level 3. HP: 22/26 MP: 4/4
   589 | D:1      | Reached skill level 1 in Spellcasting
  1334 | D:2      | Found a faded altar of an unknown god.
  1955 | D:3      | Found a blossoming altar of Fedhas.
  2328 | D:3      | Reached XP level 4. HP: 31/31 MP: 5/5
  2797 | D:3      | Slain by an orc wizard

Illustrated notes

Levels and vault maps discovered:
D:1:      lemuel_arrival_broad_hall, layout_rooms
D:2:      layout_loops_ring, ebering_ecumenical_altar_box
D:3:      layout_loops_ring, mainiacjoe_overflow_six_doors_small, serial_glass,
          glass_columns_b, glass_columns_a, minmay_starry_boxes

Skill      XL: |  1  2  3 |
---------------+----------+-----
Stealth        | 3 |  3.8
Spellcasting   | 1 |  1.0
Fighting       | |  3.6
Dodging        | |  3.3
Unarmed Combat | |  3.6

Action                   |  1- 3 |  4- 6 || total
-------------------------+-------+-------++-------
Melee: Unarmed           |    93 |    53 ||   146
       Constrict         |    29 |     9 ||    38
       Tentacles         |    19 |     9 ||    28
       Punch             |     2 |     1 ||     3
  Use: Potion            |     1 |     2 ||     3
       Scroll            |     4 |       ||     4
 Stab: Sleeping          |     9 |     1 ||    10
Armor: Skin              |     8 |       ||     8
Dodge: Dodged            |    76 |    32 ||   108
